[ AOE2 MATCH · #495476651 ]
UnrankedVikings vs Persians
Player's team · WIN
Rival team · LOSS
[ REPLAY ANALYSIS · EXTRACTED FROM THE RECORDED GAME ]
Feudal
9:57
Castle
27:31
Imperial
—
| APM avg | 58.9 |
| APM peak | 124 |
| eAPM avg | 18.6 |
| Villagers / military | 33 / 18 |
Focus
⚔️ 34.6% · 🌾 65.4%
Archer ×18
Feudal
16:52
Castle
—
Imperial
—
| APM avg | 36.2 |
| APM peak | 71 |
| eAPM avg | 20.5 |
| Villagers / military | 55 / 0 |
Focus
⚔️ 46.0% · 🌾 54.0%
Match map
Initial resources + every placement click. Lines = walls · curves = elevation contours. ◆ gold · ⬟ stone · ● berries · ✦ relic · ◌ wall gap
Your base· Open — opponent sealed themselves in
luff's base· ✓ Closed at 26:59 · 7t walls · 2 gate(s)
Smoothed initial terrain · ◌ = detected wall gap · hover for details
Inputs per minute
— Shinwari - - luff
Build order — Shinwari
87 actions detected in the replay
| 0:01 | Create | Villager (Male) ×4 |
| 0:01 | Create | Villager (Male) ×4 |
| 0:02 | Build | House |
| 0:03 | Build | House |
| 1:25 | Create | Villager (Male) |
| 1:25 | Create | Villager (Male) |
| 1:50 | Create | Villager (Male) |
| 1:51 | Create | Villager (Male) |
| 1:52 | Build | Lumber Camp |
| 2:18 | Create | Villager (Male) |
| 2:18 | Create | Villager (Male) |
| 2:45 | Create | Villager (Male) |
| 2:45 | Create | Villager (Male) |
| 3:09 | Create | Villager (Male) |
| 3:10 | Create | Villager (Male) |
| 3:30 | Build | House |
| 3:34 | Build | House |
| 3:38 | Create | Villager (Male) |
| 3:38 | Create | Villager (Male) |
| 4:05 | Create | Villager (Male) |
| 4:05 | Create | Villager (Male) |
| 4:07 | Build | House |
| 4:20 | Create | Villager (Male) |
| 4:20 | Create | Villager (Male) |
| 4:58 | Create | Villager (Male) |
| 4:58 | Create | Villager (Male) |
| 5:11 | Create | Villager (Male) |
| 5:38 | Build | Mining Camp |
| 5:41 | Create | Villager (Male) |
| 5:50 | Create | Villager (Male) |
| 6:13 | Build | Barracks |
| 6:36 | Create | Villager (Male) |
| 6:38 | Research | Loom |
| 6:38 | Research | Loom |
| 7:47 | Research | Feudal Age |
| 7:47 | Research | Feudal Age |
| 8:27 | Build | Palisade Wall |
| 8:27 | Build | Palisade Wall |
| 8:28 | Build | Palisade Wall |
| 8:32 | Build | Palisade Wall |
| 8:33 | Build | Palisade Wall |
| 8:45 | Build | Palisade Wall |
| 9:49 | Build | Palisade Wall |
| 9:50 | Build | Palisade Wall |
| 9:51 | Build | Palisade Wall |
| 9:57 | Age | Feudal Age |
| 10:00 | Build | Archery Range |
| 10:25 | Build | Lumber Camp |
| 10:34 | Create | Archer |
| 10:35 | Create | Archer |
| 10:37 | Build | House |
| 11:02 | Create | Archer |
| 11:07 | Build | House |
| 11:21 | Build | House |
| 11:42 | Build | House |
| 12:13 | Create | Archer |
| 12:25 | Build | Blacksmith |
| 13:11 | Create | Archer |
| 13:17 | Build | Watch Tower |
| 13:39 | Research | Fletching |
| 13:52 | Create | Archer |
| 14:49 | Build | House |
| 15:11 | Create | Archer |
| 15:20 | Build | Town Center |
| 15:43 | Build | House |
| 15:44 | Create | Archer |
| 16:06 | Create | Archer |
| 16:34 | Create | Archer |
| 17:52 | Build | Mill |
| 18:26 | Build | Palisade Wall |
| 19:00 | Create | Archer |
| 19:00 | Create | Archer |
| 19:03 | Create | Archer |
| 19:12 | Build | Market |
| 19:40 | Create | Villager (Male) |
| 19:41 | Create | Villager (Male) |
| 20:34 | Create | Villager (Male) |
| 22:01 | Research | Padded Archer Armor |
| 24:51 | Research | Castle Age |
| 24:52 | Research | Castle Age |
| 25:38 | Create | Archer |
| 25:39 | Create | Archer |
| 25:42 | Create | Archer |
| 25:43 | Create | Archer |
| 27:21 | Create | Archer |
| 27:31 | Age | Castle Age |
| 27:34 | Build | Siege Workshop |
Build order — luff
105 actions detected in the replay
| 0:01 | Create | Villager (Male) |
| 0:01 | Create | Villager (Male) |
| 0:01 | Create | Villager (Male) |
| 0:02 | Build | House |
| 0:03 | Build | House |
| 0:21 | Create | Villager (Male) |
| 0:22 | Create | Villager (Male) |
| 1:27 | Create | Villager (Male) |
| 1:49 | Create | Villager (Male) |
| 2:22 | Create | Villager (Male) |
| 2:29 | Create | Villager (Male) |
| 2:55 | Create | Villager (Male) |
| 3:10 | Build | Lumber Camp |
| 3:30 | Create | Villager (Male) |
| 3:57 | Create | Villager (Male) |
| 4:02 | Build | House |
| 4:27 | Create | Villager (Male) |
| 4:40 | Research | Loom |
| 4:42 | Create | Villager (Male) |
| 4:55 | Create | Villager (Male) |
| 5:06 | Create | Villager (Male) |
| 5:06 | Create | Villager (Male) |
| 5:23 | Build | House |
| 6:14 | Create | Villager (Male) |
| 6:39 | Build | Town Center |
| 7:08 | Build | Palisade Gate |
| 7:29 | Build | Palisade Wall |
| 7:30 | Build | Palisade Wall |
| 7:48 | Create | Villager (Male) |
| 7:48 | Create | Villager (Male) |
| 7:59 | Build | Mill |
| 8:33 | Build | House |
| 8:35 | Build | Palisade Wall |
| 8:35 | Build | Palisade Wall |
| 9:33 | Create | Villager (Male) |
| 9:47 | Create | Villager (Male) |
| 9:56 | Build | House |
| 10:02 | Build | Palisade Gate |
| 10:08 | Build | Palisade Wall |
| 10:52 | Create | Villager (Male) |
| 10:52 | Create | Villager (Male) |
| 11:08 | Create | Villager (Male) |
| 11:09 | Create | Villager (Male) |
| 11:36 | Create | Villager (Male) |
| 12:13 | Create | Villager (Male) |
| 12:27 | Create | Villager (Male) |
| 12:27 | Create | Villager (Male) |
| 12:43 | Create | Villager (Male) |
| 13:18 | Create | Villager (Male) |
| 13:30 | Build | House |
| 14:09 | Build | House |
| 14:13 | Build | House |
| 14:15 | Build | House |
| 14:25 | Create | Villager (Male) |
| 14:48 | Research | Feudal Age |
| 15:50 | Build | Mining Camp |
| 15:53 | Create | Villager (Male) |
| 15:53 | Create | Villager (Male) |
| 16:52 | Age | Feudal Age |
| 16:53 | Build | Watch Tower |
| 16:58 | Create | Villager (Male) |
| 16:58 | Create | Villager (Male) |
| 17:19 | Create | Villager (Male) |
| 17:20 | Create | Villager (Male) |
| 17:36 | Create | Villager (Male) |
| 17:36 | Create | Villager (Male) |
| 18:01 | Build | Lumber Camp |
| 18:36 | Create | Villager (Male) |
| 18:44 | Build | Mill |
| 19:04 | Research | Double-Bit Axe |
| 19:36 | Build | Farm |
| 19:38 | Build | Farm |
| 19:51 | Build | Farm |
| 20:07 | Create | Villager (Male) |
| 20:12 | Build | Farm |
| 20:20 | Build | Farm |
| 20:30 | Build | Farm |
| 20:32 | Create | Villager (Male) |
| 20:43 | Build | Farm |
| 20:49 | Build | Farm |
| 20:55 | Create | Villager (Male) |
| 21:02 | Build | Farm |
| 21:20 | Build | Market |
| 21:23 | Create | Villager (Male) |
| 21:43 | Create | Villager (Male) |
| 21:43 | Create | Villager (Male) |
| 21:49 | Build | House |
| 21:58 | Build | Blacksmith |
| 22:03 | Build | Farm |
| 22:05 | Build | Farm |
| 22:18 | Build | Farm |
| 22:19 | Build | Farm |
| 22:50 | Build | Lumber Camp |
| 23:16 | Build | House |
| 23:31 | Build | Watch Tower |
| 23:49 | Create | Villager (Male) |
| 23:49 | Create | Villager (Male) |
| 25:06 | Build | Watch Tower |
| 25:37 | Create | Villager (Male) |
| 26:19 | Create | Villager (Male) |
| 26:19 | Create | Villager (Male) |
| 26:35 | Create | Villager (Male) |
| 26:35 | Create | Villager (Male) |
| 26:59 | Research | Castle Age |
| 27:18 | Build | Mining Camp |
Match timeline
| 6:13 | Shinwari · first_building Barracks |
| 7:29 | luff · wall_segment Palisade Wall x1 |
| 7:30 | luff · wall_segment Palisade Wall x1 |
| 8:27 | Shinwari · wall_segment Palisade Wall x1 |
| 8:27 | Shinwari · wall_segment Palisade Wall x1 |
| 8:28 | Shinwari · wall_segment Palisade Wall x1 |
| 8:32 | Shinwari · wall_segment Palisade Wall x1 |
| 8:33 | Shinwari · wall_segment Palisade Wall x1 |
| 8:35 | luff · wall_segment Palisade Wall x1 |
| 8:35 | luff · wall_segment Palisade Wall x1 |
| 8:45 | Shinwari · wall_segment Palisade Wall x1 |
| 9:49 | Shinwari · wall_segment Palisade Wall x1 |
| 9:50 | Shinwari · wall_segment Palisade Wall x1 |
| 9:51 | Shinwari · wall_segment Palisade Wall x1 |
| 9:57 | Shinwari · age_up feudal |
| 10:00 | Shinwari · first_building Archery Range |
| 10:08 | luff · wall_segment Palisade Wall x3 |
| 16:52 | luff · age_up feudal |
| 18:26 | Shinwari · wall_segment Palisade Wall x1 |
| 20:19 | Shinwari · first_market_buy 100 food |
| 22:25 | luff · first_market_sell 100 stone |
| 22:28 | luff · first_market_buy 100 food |
| 23:25 | Shinwari · first_market_sell 100 wood |
| 27:31 | Shinwari · age_up castle |
| 27:34 | Shinwari · first_building Siege Workshop |
| 27:36 | luff · resign |
[ AI ANALYSIS · 1 CREDIT ]
What really happened in this match?
Wolo.gg analyzes every decision: build order, eco, micro, common mistakes by bracket. Personalized analysis on WhatsApp or Discord in 30 seconds.
Civ guide
Vikings
Perfil
Jugador #722305